Map: 死亡光环-天梯版

Players

iGXY (XY)

  • Race: Terran Terran

TIME (Oliveira) - Winner!

  • Race: Terran Terran

Event: DreamHack SC2 Masters 2020 Winter

VOD

Have the link to the VOD?

Description

Time

  • Played on: Nov. 1, 2020, 8:21 a.m.
  • Length: 8:08

All games in this series

Show
View Real Time Build Order
Export as new Build Order

iGXY Terran 

Build Orders:  

Get SALT Encoding   

  12  0:00  SCV  
  13  0:13  SCV  
  14  0:16  Supply Depot  
  14  0:25  SCV  
  14  0:27  Refinery  
  15  0:38  SCV  
  16  0:44  Barracks  
  16  0:50  SCV  
  16  0:54  Refinery  
  17  1:02  SCV  
  18  1:14  SCV  
  19  1:31  Orbital Command  
  19  1:33  Factory  
  19  1:34  Reaper  
  20  1:42  Supply Depot  
  20  1:57  SCV  
  21  2:06  Reaper  
  22  2:09  SCV  
  23  2:17  Hellion  
  23  2:21  SCV  
  26  2:26  Command Center  
  26  2:33  SCV  
  27  2:37  Starport  
  27  2:38  Barracks Reactor  
  27  2:45  SCV  
  27  2:48  Supply Depot  
  27  2:50  Factory Tech Lab  
  28  2:57  SCV  
  29  3:09  SCV  
  29  3:10  Siege Tank  
  33  3:14  Marine  
  33  3:15  Marine  
  33  3:17  Refinery  
  35  3:20  Medivac  
  35  3:22  SCV  
  38  3:32  Marine  
  39  3:37  Marine  
  40  3:45  SCV  
  41  3:51  Orbital Command  
  41  3:53  Cyclone, Starport Tech Lab  
  44  3:59  Marine x2  
  44  4:00  SCV  
  47  4:07  Supply Depot  
  47  4:12  Raven, SCV  
  50  4:17  Marine x2  
  52  4:24  SCV  
  51  4:33  Siege Tank  
  51  4:34  SCV  
  51  4:35  Marine x2  
  51  4:36  SCV  
  58  4:43  Supply Depot  
  58  4:46  SCV  
  58  4:48  SCV  
  60  4:53  Supply Depot  
  60  4:55  Raven  
  60  4:59  Command Center  
  62  5:04  SCV  
  62  5:06  Siege Tank  
  66  5:08  SCV  
  66  5:11  Supply Depot  
  67  5:16  Marine x2  
  69  5:22  SCV x2  
  71  5:34  SCV x2, Supply Depot  
  75  5:38  Siege Tank  
  76  5:45  Supply Depot  
  76  5:46  SCV x2  
  76  5:48  Viking  
  76  5:49  Viking  
  82  5:52  Stimpack  
  82  5:53  Marine  
  83  5:58  SCV x2  
  83  6:04  Barracks  
  85  6:10  SCV  
  85  6:11  SCV  
  87  6:12  Siege Tank  
  87  6:14  Marine  
  92  6:21  Orbital Command  
  92  6:23  SCV  
  92  6:28  Barracks x2  
  92  6:29  SCV  
  92  6:32  Marine  
  94  6:35  SCV  
  85  6:43  SCV  
  85  6:44  Siege Tank  
  70  6:47  SCV x2  
  70  6:48  Viking  
  70  6:50  Marine  
  70  6:52  Viking  
  74  6:55  Barracks Reactor  
  74  6:56  SCV  
  74  6:59  SCV x2  
  77  7:04  Barracks  
  77  7:06  Engineering Bay  
  77  7:08  SCV, Engineering Bay  
  78  7:12  Marine, SCV  
  78  7:14  Barracks Reactor  
  78  7:15  Barracks Reactor  
  80  7:16  SCV  
  80  7:20  SCV, Refinery  
  80  7:22  Viking x2  
  86  7:25  SCV  
  86  7:29  SCV  
  78  7:33  Siege Tank  
  78  7:34  Marine x2  
Show
View Real Time Build Order
Export as new Build Order

TIME Terran - Winner!

Build Orders: Reaper Expand 

Get SALT Encoding   

  12  0:00  SCV  
  13  0:12  SCV  
  14  0:17  Supply Depot  
  14  0:25  SCV  
  15  0:38  SCV  
  15  0:40  Barracks  
  16  0:43  Refinery  
  16  0:50  SCV  
  17  1:02  SCV  
  18  1:15  SCV  
  19  1:27  Orbital Command, Reaper  
  20  1:39  Command Center  
  20  1:45  Supply Depot  
  20  1:53  SCV  
  21  2:00  Marine  
  22  2:05  SCV  
  22  2:06  Factory  
  23  2:10  Refinery  
  23  2:17  SCV  
  23  2:20  Barracks Reactor  
  24  2:29  SCV  
  25  2:42  SCV  
  26  2:51  Orbital Command  
  26  2:52  Starport  
  26  2:54  SCV  
  27  3:00  Hellion x2  
  27  3:03  Barracks Tech Lab  
  31  3:06  SCV  
  32  3:17  SCV  
  32  3:18  SCV, Refinery  
  34  3:21  Hellion x2  
  34  3:25  Supply Depot  
  38  3:29  SCV  
  38  3:30  SCV  
  38  3:31  Barracks Tech Lab  
  40  3:36  Viking  
  40  3:41  SCV  
  43  3:42  Widow Mine  
  43  3:47  Widow Mine  
  47  3:53  SCV x2  
  48  3:56  Supply Depot  
  48  4:05  Raven  
  50  4:11  SCV  
  50  4:14  Marine x2  
  53  4:18  Supply Depot  
  53  4:19  Supply Depot  
  53  4:20  Cyclone  
  53  4:21  SCV  
  53  4:23  SCV  
  56  4:34  Marine x2  
  56  4:35  SCV  
  59  4:38  Command Center  
  59  4:39  SCV  
  60  4:48  Raven, SCV  
  63  4:53  Marine x2  
  63  4:54  Siege Tank  
  63  4:55  SCV  
  69  5:00  Supply Depot, SCV  
  70  5:07  SCV  
  70  5:12  SCV, Barracks  
  70  5:14  Barracks  
  72  5:15  Marine, Refinery  
  72  5:17  Marine  
  72  5:19  SCV  
  75  5:24  Supply Depot  
  75  5:26  Siege Tank  
  75  5:27  SCV  
  79  5:31  SCV  
  80  5:43  Viking  
  80  5:44  Marine, Viking, Stimpack  
  80  5:45  SCV  
  80  5:46  SCV  
  87  5:52  Engineering Bay x2  
  87  5:54  Orbital Command  
  87  5:57  SCV  
  87  6:02  Barracks Reactor  
  87  6:03  Barracks Reactor  
  86  6:04  Marine  
  86  6:05  Siege Tank  
  86  6:08  SCV  
  86  6:09  SCV  
  86  6:11  Orbital Command  
  92  6:15  Viking  
  92  6:18  Viking  
  96  6:20  SCV  
  96  6:23  Supply Depot  
  97  6:26  Marine  
  97  6:27  SCV  
  99  6:33  SCV  
  100  6:42  Marine x2  
  100  6:43  Marine  
  100  6:45  SCV, Viking, Marine  
  106  6:47  SCV x2  
  106  6:48  Supply Depot, Siege Tank  
  111  6:54  Marine  
  111  6:57  SCV  
  113  7:01  Marine  
  113  7:02  Supply Depot x2, Barracks x2, Marine x2  
  113  7:06  SCV  
  117  7:09  SCV  
  117  7:11  Marine, Supply Depot  
  117  7:13  Medivac  
  117  7:14  SCV  
  122  7:18  SCV, Refinery x2  
  122  7:19  Medivac  
  122  7:22  Marine  
  124  7:29  Marine x2  
  110  7:30  Marine  
  110  7:31  Marine  
  110  7:33  Siege Tank  
  110  7:34  SCV  
  110  7:36  SCV x2  
  110  7:40  Marine  
Tags
 
Add a new tag
Caveats
  • Supply blocks, unpowered buildings, or Contaminate may cause inaccurate times.
  • Supply counts are checked every 10 seconds.